 Dungeon Crawl Stone Soup version 0.17-a0-2144-gd7f430c (webtiles) character file.

690 Hedron the Martial Artist (level 7, -8/35 HPs)
             Began as a Vine Stalker Monk on Oct 24, 2015.
             Mangled by an ogre
             ... wielding a +0 giant club
              (18 damage)
             ... on level 5 of the Dungeon.
             The game lasted 00:09:27 (3168 turns).

Hedron the Martial Artist (Vine Stalker Monk)       Turns: 3168, Time: 00:09:27

Health: -8/35      AC:  2    Str: 14    XL:     7   Next: 63%
Magic:  0/8        EV: 13    Int: 10    God:
Gold:   204        SH:  0    Dex: 22    Spells: 0 memorised, 6 levels left

rFire  + . .     SeeInvis .       - Unarmed
rCold  . . .     Clarity  .     e - +0 robe (curse)
rNeg   . . .     SustAt   .     (no shield)
rPois  .         Gourm    .     (no helmet)
rElec  .         Spirit   +     (no cloak)
rCorr  .         Warding  .     (no gloves)
rMut   .         Stasis   .     (no boots)
MR     .....                    (no amulet)
Stlth  +++.......               m - +4 ring of dexterity
                                l - ring of protection from fire

@: not resistant to hostile enchantments, fairly stealthy
A: fangs 2, regeneration 2, magic shield, antimagic bite, no device heal 3, rot
immunity
a: no special abilities


You were on level 5 of the Dungeon.
You were not hungry.

You visited 1 branch of the dungeon, and saw 5 of its levels.

You collected 204 gold pieces.

Inventory:

Missiles
 g - 64 stones (quivered)
Armour
 a - a +0 robe
 e - a cursed +0 robe (worn)
Jewellery
 f - an uncursed ring of sustain attributes
 l - a ring of protection from fire (left hand)
 m - a +4 ring of dexterity (right hand)
 s - an uncursed ring of invisibility
Wands
 j - a wand of frost (26)
Scrolls
 v - a scroll of teleportation
Potions
 c - a potion of resistance
 d - 4 potions of curing
 h - a potion of agility
 n - a potion of heal wounds {unknown}
 q - a potion of brilliance {unknown}
 r - a potion of might
 w - a potion of lignification {unknown}
 x - a potion of magic {unknown}
Comestibles
 b - 4 bread rations
 i - 5 chunks of flesh
 k - 3 fruits
 p - a royal jelly
 u - a beef jerky


   Skills:
 - Level 2.6 Fighting
 - Level 2.4 Dodging
 - Level 2.4 Stealth
 + Level 9.1 Unarmed Combat


You had 6 spell levels left.
You didn't know any spells.

Dungeon Overview and Level Annotations

Branches:
Dungeon (5/15)
 Temple: D:4-7

Altars:
Dithmenos
Fedhas
Kikubaaqudgha


Innate Abilities, Weirdness & Mutations

You have extremely sharp teeth.
You heal very quickly.
When hurt, damage is shared between your health and your magic reserves.
Your bite disrupts and absorbs the magic of your enemies.
Potions and wands cannot restore your health.
You are immune to rotting.


Message History

You now have 187 gold pieces (gained 12).
You now have 204 gold pieces (gained 17).
An ogre comes into view. It is wielding a giant club.
The ogre shouts!
You hit the ogre.
The ogre is lightly wounded.
You barely miss the ogre.
The ogre is lightly wounded.
The ogre barely misses you.
You barely miss the ogre.
The ogre is lightly wounded.
The ogre hits you with a giant club!!
Ouch! That really hurt!
The ogre hits you with a giant club!
* * * LOW HITPOINT WARNING * * *
You hit the ogre.
The ogre is moderately wounded.
The ogre hits you with a giant club!!
Ouch! That really hurt!
You die...

##......##.........#
.........#.+.........+
####......##.........#
#......###.......##
######.# ##.....## #.#
#._..## #.# ###+## #.#
#@# #O# #.###.#...
#......... #####.....
#.#


You could see an ogre.

Vanquished Creatures
  A hill giant (D:4)
  A scorpion (D:4)
  2 worker ants (D:4)
  3 gnolls (D:2)
  5 adders
  4 worms
  3 giant geckos
  3 orcs
  4 ball pythons
  9 bats
  7 giant cockroaches
  7 goblins
  4 hobgoblins
  9 jackals
  12 kobolds
  3 quokkas
  A giant gecko skeleton (D:4)
  7 giant newts
  12 rats
97 creatures vanquished.

Notes
Turn   | Place    | Note
--------------------------------------------------------------
     0 | D:1      | Hedron the Vine Stalker Monk began the quest for the Orb.
     0 | D:1      | Reached XP level 1. HP: 11/11 MP: 2/2
   153 | D:1      | Reached XP level 2. HP: 14/16 MP: 3/3
   401 | D:1      | Reached XP level 3. HP: 19/19 MP: 4/4
   419 | D:1      | Reached skill level 5 in Unarmed Combat
  1183 | D:2      | Reached XP level 4. HP: 8/23 MP: 3/5
  1184 | D:2      | Found a shadowy altar of Dithmenos.
  1436 | D:2      | Found an ancient bone altar of Kikubaaqudgha.
  1547 | D:2      | Reached skill level 6 in Unarmed Combat
  1683 | D:2      | Reached XP level 5. HP: 27/27 MP: 6/6
  2411 | D:3      | Found a faded altar to an unknown god.
  2618 | D:4      | Reached skill level 7 in Unarmed Combat
  2669 | D:4      | Gained mutation: You heal very quickly. [Vine Stalker growth]
  2669 | D:4      | Reached XP level 6. HP: 32/32 MP: 7/7
  2675 | D:4      | Noticed a hill giant
  2690 | D:4      | Killed a hill giant
  2690 | D:4      | Reached skill level 8 in Unarmed Combat
  2690 | D:4      | Reached XP level 7. HP: 35/35 MP: 8/8
  2927 | D:4      | Reached skill level 9 in Unarmed Combat
  3097 | D:5      | Entered Level 5 of the Dungeon
  3097 | D:5      | Found a blossoming altar of Fedhas.
  3168 | D:5      | Mangled by an ogre

Vault maps used:
D:1:      roderic_crossed_star
D:2:      lemuel_crystal_altar, grunt_dithmenos_smoke_and_mirrors,
          grunt_ministairs_11
D:3:      first_bread, ecumenical_altar_1, hex_tiny
D:5:      zin_angel, overflow_temple_1_default, lemuel_crystal_altar,
          glass_columns_a, st_stairs_8, serial_bayou_lagoon_b, uniq_eustachio

Action                   |  1- 3 |  4- 6 |  7- 9 || total
-------------------------+-------+-------+-------++-------
Melee: Unarmed           |   110 |   130 |    19 ||   259
Evoke: Wand              |       |     3 |       ||     3
  Use: Scroll            |     2 |     7 |     2 ||    11
       Potion            |       |     2 |       ||     2
 Stab: Sleeping          |     8 |     8 |     1 ||    17
       Distracted        |       |     1 |       ||     1
  Eat: Chunk             |     1 |     5 |     1 ||     7
